 Dungeon Crawl Stone Soup version 0.30-a0-799-g109b55a442 (webtiles) character file.

Game seed: 17005093283601941280

70 Farfigtubin the Sneak (level 4, -1/28 HPs)
             Began as a Kobold Brigand on Feb 20, 2023.
             Succumbed to a gnoll's poison
             ... on level 4 of the Dungeon.
             The game lasted 00:06:10 (714 turns).

Farfigtubin the Sneak (Kobold Brigand)               Turns: 714, Time: 00:06:11

Health: -1/28      AC:  3    Str:  8    XL:     4   Next: 44%
Magic:  4/4        EV: 14    Int: 12    God:
Gold:   71         SH:  0    Dex: 18    Spells: 3/3 levels left

rFire   . . .      SeeInvis .    a - +2 dagger
rCold   . . .      Faith    .    (no shield)
rNeg    . . .      Spirit   .    b - +0 robe
rPois   .          Reflect  .    (no helmet)
rElec   .          Harm     .    c - +0 cloak
rCorr   .          Rampage  .    (no gloves)
Will    .....                    (no boots)
Stlth   +++++                    (no amulet)
HPRegen 0.24/turn                (no ring)
MPRegen 0.09/turn                (no ring)

@: lethally poisoned (-1 -> -14)
A: small, no large weapons, nightstalker 3
a: no special abilities


You were on level 4 of the Dungeon.
You visited 1 branch of the dungeon, and saw 4 of its levels.

You collected 71 gold pieces.

Inventory:

Hand Weapons
 a - a +2 dagger (weapon)
Missiles
 e - 2 curare-tipped darts (quivered)
 g - 18 stones
Armour
 b - a +0 robe (worn)
 c - a +0 cloak (worn)
Scrolls
 j - 2 scrolls of identify {unknown}
Potions
 f - a potion of degeneration {unknown}
 h - 2 potions of might {unknown}
 i - a potion of flight {unknown}


   Skills:
 + Level 3.0 Fighting
 + Level 3.7 Short Blades
 - Level 2.1 Throwing
 - Level 1.2 Dodging
 * Level 6.7 Stealth


You had 3 spell levels left.
You didn't know any spells.
Your spell library contained the following spells:

 Spells                   Type           Power      Damage    Failure   Level
 Apportation              Tloc           0%         N/A       32%         1
 Alistair's Intoxication  Tmut/Pois      0%         N/A       100%        5


Dungeon Overview and Level Annotations

Branches:
Dungeon (4/15)
 Temple: D:4-7

Altars:


Innate Abilities, Weirdness & Mutations

You are small and have problems with some larger weapons.
You are completely attuned to the shadows.


Message History

The gnoll completely misses you.
You hit the gnoll but do no damage.
The gnoll is almost dead.
The gnoll attacks as you move away! The gnoll hits you with a +0 club.
You kill the gnoll!
Your Fighting skill increases to level 3!
The gnoll completely misses you.
Throw: 4 darts (poison)
Press: ? - help, Q - select action, (/) - cycle Shift-Dir - straight line, f - gnoll
Aim: a gnoll, wielding a +0 halberd of venom (66% to hit)
You throw a poisoned dart. The poisoned dart hits the gnoll.
The gnoll hits you from afar with a +0 halberd of venom.
Throw: 3 darts (poison)
Press: ? - help, Q - select action, (/) - cycle Shift-Dir - straight line, f/p - gnoll
Aim: a gnoll, wielding a +0 halberd of venom (66% to hit)
You throw a poisoned dart. The poisoned dart hits the gnoll.
The gnoll is poisoned.
The gnoll closely misses you.
Throw: 2 darts (poison)
Press: ? - help, Q - select action, (/) - cycle Shift-Dir - straight line, f/p - gnoll
Aim: a gnoll, wielding a +0 halberd of venom (poisoned, 66% to hit)
You throw a poisoned dart. The poisoned dart hits the gnoll.
The gnoll looks even sicker.
The gnoll hits you from afar with a +0 halberd of venom!
You are lethally poisoned!
Throw: dart (poison)
Press: ? - help, Q - select action, (/) - cycle Shift-Dir - straight line, f/p - gnoll
Aim: a gnoll, wielding a +0 halberd of venom (lightly wounded, very poisoned, 66% to hit)
You throw a poisoned dart. The poisoned dart hits the gnoll.
The gnoll looks even sicker.
The gnoll is lightly wounded.
* * * LOW HITPOINT WARNING * * *
You feel very sick. The gnoll closely misses you.
Throw: 2 darts (curare)
Press: ? - help, Q - select action, (/) - cycle Shift-Dir - straight line, p - gnoll
Okay, then.
* * * LOW HITPOINT WARNING * * *
You feel very sick.
You die...

#.....##
#.....###
#.......
#.....#
#.....#
#####.# #.#
#.# #@# #.#
#.# ###. #g#
..g
#(##########.#
#...)(((...g.#
##############


You could see a gnoll (very poisoned).

Vanquished Creatures
  Terence (D:3)
  A gnoll (D:4)
  2 adders (D:3)
  2 ball pythons
  4 bats
  An endoplasm (D:2)
  2 goblins
  A jackal (D:2)
  2 frilled lizards (D:3)
  2 kobolds (D:3)
  3 rats
21 creatures vanquished.

Notes
Turn   | Place    | Note
-------+----------+-------------------------------------------
     0 | D:1      | Farfigtubin the Kobold Brigand began the quest for the Orb.
     0 | D:1      | Reached XP level 1. HP: 12/12 MP: 1/1
   207 | D:2      | Reached XP level 2. HP: 18/18 MP: 2/2
   470 | D:2      | Reached skill level 6 in Stealth
   470 | D:2      | Reached XP level 3. HP: 22/22 MP: 3/3
   516 | D:3      | Noticed Terence
   531 | D:3      | Killed Terence
   532 | D:3      | Reached XP level 4. HP: 5/27 MP: 4/4
   649 | D:4      | Noticed a phantom
   714 | D:4      | Succumbed to a gnoll's poison

Illustrated notes

Levels and vault maps discovered:
D:1:      lightli_arrival_chessboard, layout_basic
D:2:      layout_basic, basic_altar, minmay_lizard_pond, uniq_jessica
D:3:      layout_loops_corners, cheibrodos_sewer_entry_bend, uniq_terence
D:4:      layout_loops_ring, ebering_ghost_disaster_area

Skill      XL: |  1  2  3  4 |
---------------+-------------+-----
Short Blades   | 3 |  3.7
Stealth        | 6 |  6.7
Fighting       | 3 |  3.0
Throwing       | |  2.1
Dodging        | |  1.2

Action                     |  1- 3 |  4- 6 || total
---------------------------+-------+-------++-------
  Melee: Dagger            |    58 |     6 ||    64
  Throw: Dart              |     2 |     9 ||    11
   Stab: Sleeping          |     7 |     3 ||    10
 Armour: Robe              |     7 |     1 ||     8
  Dodge: Dodged            |    36 |     7 ||    43

Table legend: (Time is in decaauts)
 A = Elapsed time spent in this place.
 B = Non-inter-level travel time spent in this place.
 C = Inter-level travel time spent in this place.
 D = Time resting spent in this place.
 E = Time spent auto-exploring this place.
 F = Levels seen in this place.
 G = Mean time per level.
                   A        B        C        D        E       F      G
               +--------+--------+--------+--------+--------+-----+--------+
         Total |    701 |    701 |      0 |     79 |      0 |   4 |  175.2 |
       Dungeon |    701 |    701 |      0 |     79 |      0 |   4 |  175.2 |
               +--------+--------+--------+--------+--------+-----+--------+

Top non-repeatable levels by time:
     D:3: 318 daAuts
     D:2: 161 daAuts
     D:1: 147 daAuts
     D:4: 73 daAuts
